 Dungeon Crawl Stone Soup version bcrawl-1.41 (webtiles) character file.

Game seed: 2392508491251366517

99485 Revguard the Skirmisher (level 3, -8/42 HPs)
             Began as an Ent Fighter on Apr 10, 2024.
             Was an Initiate of Cheibriados.
             Mangled by Crazy Yiuf
             ... wielding a +3 quarterstaff of chaos
              (9 damage)
             ... on level 2 of the Dungeon.
             The game lasted 00:06:32 (1677 turns).

Revguard the Skirmisher (Ent Fighter)               Turns: 1677, Time: 00:06:32

Health: -8/42      AC: 10    Str: 25    XL:     3   Next: 39%
Magic:  12/12      EV:  8    Int:  9    God:    Cheibriados [......]
Gold:   71         SH:  9    Dex: 10    Spells: 2/2 levels left

rFire    . . .     GDR:     31% a - +0 flail
rCold    . . .     SeeInvis .   b - +0 medium shield
rNeg     + + +     Gourm    .   (armour unavailable)
rPois    +         Faith    .   (helmet restricted)
rElec    .         Spirit   .   (no cloak)
rCorr    .         Reflect  .   (gloves unavailable)
MR       .....                  (boots unavailable)
Stlth    +.........             (no amulet)
HPRegen  0.17/turn              f - ring of magical power
MPRegen  0.13/turn              (no ring)

@: hasted
A: large, slow actions, passwall, strong branches, negative energy resistance 3,
poison resistance, slow metabolism 1, torment resistance, unbreathing, AC +10
a: Passwall, Bend Time, Renounce Religion


You were on level 2 of the Dungeon.
You worshipped Cheibriados.
Cheibriados was noncommittal.
You were hungry.

You visited 1 branch of the dungeon, and saw 2 of its levels.

You collected 71 gold pieces.

Inventory:

Hand Weapons
 a - a +0 flail (weapon)
Armour
 b - a +0 medium shield (worn)
Jewellery
 f - a ring of magical power (left hand)
 l - an uncursed ring of resist corrosion {unknown}
 n - an uncursed ring of protection from magic {unknown}
Scrolls
 d - 3 scrolls of teleportation {unknown}
 g - a scroll of amnesia {unknown}
 h - a scroll of revelation {unknown}
 i - 7 scrolls of identify
 k - 2 scrolls of remove curse {unknown}
 m - a scroll of blinking {unknown}
Potions
 c - 2 potions of might
Comestibles
 e - 5 rations {!d}


   Skills:
 + Level 3.8 Fighting
 + Level 3.1 Maces & Flails
 + Level 3.1 Dodging
 + Level 2.7 Shields


You had 2 spell levels left.
You didn't know any spells.
Your spell library was empty.

Dungeon Overview and Level Annotations

Branches:
Dungeon (2/12)

Altars:
Cheibriados
Sif Muna

Annotations:
D:2 Crazy Yiuf


Innate Abilities, Weirdness & Mutations

You move and act slowly.
You can pass through walls and trees.
Your branches can wield two-handed weapons with a shield.
Your thick bark is tough. (AC +10)
You are too large for most types of armour.
You are immune to negative energy. (rN+++)
Your system is resistant to poisons. (rPois)
You have a slow metabolism.
You are immune to unholy pain and torment.
You can survive without breathing.


Message History

* * * LOW HITPOINT WARNING * * *
You hit Crazy Yiuf.
Crazy Yiuf is lightly wounded.
Crazy Yiuf hits you with a +3 quarterstaff of chaos.
* * * LOW HITPOINT WARNING * * *
Crazy Yiuf cries, "You!
Key ragdoll tea."
Crazy Yiuf hits you with a +3 quarterstaff of chaos.
* * * LOW HITPOINT WARNING * * *
It was a potion of haste.
You feel yourself speed up.
Cheibriados forgives your accidental hurry, just this once.
Crazy Yiuf yells, "Candle sanguine childish!"
You block Crazy Yiuf's attack.
Your shield prevents you from hitting Crazy Yiuf.
Crazy Yiuf is lightly wounded.
Crazy Yiuf hits you with a +3 quarterstaff of chaos.
* * * LOW HITPOINT WARNING * * *
You barely miss Crazy Yiuf.
Crazy Yiuf is lightly wounded.
Crazy Yiuf hits you with a +3 quarterstaff of chaos!
You die...

#
#.#.###...###.#
### #.# #
#.#.###...# #.#
#.# ##
###....###.##
#.# #.# #.
#.......##.#
#.# #.# #.
........##.#
#.# #.# #.
#.#.....####
### #######.#
#. #.##...####
#.......# #.
#.###.###.#
##### #.###.#.#
#. #.###.....#
#..@# #.#
#.#.###.
......#####
#..g# #.#
#....##.
#.#...#####
#...#
#.###.###...
#.#.......#
##'## #.##.##
##.#
#.......###
##.# #.##.# #..
#.#####...#
#.## #.##.##
##.# #.# #.#.#
##.#
#.###.###.##
#.# #..## #.##
#.# ##...## #.#
#.## ##.##
#.#####.##


You could see Crazy Yiuf.

Vanquished Creatures
  2 oozes
  3 worms
  A leopard gecko (D:1)
  A bat (D:2)
  A giant cockroach (D:1)
  4 goblins
  4 hobgoblins
  4 kobolds
  A frilled lizard (D:1)
  3 rats
24 creatures vanquished.

Notes
Turn   | Place    | Note
-------+----------+-------------------------------------------
     0 | D:1      | Revguard the Ent Fighter began the quest for the Orb.
     0 | D:1      | Reached XP level 1. HP: 25/25 MP: 1/1
   131 | D:1      | Reached XP level 2. HP: 30/33 MP: 2/2
   718 | D:2      | Reached XP level 3. HP: 36/42 MP: 3/3
  1196 | D:2      | Found a runed door.
  1379 | D:2      | Found a snail-covered altar of Cheibriados.
  1379 | D:2      | Found a shimmering blue altar of Sif Muna.
  1383 | D:2      | Became a worshipper of Cheibriados the Contemplative
  1666 | D:2      | Noticed Crazy Yiuf
  1674 | D:2      | HP: 1/42 [Crazy Yiuf/+3 quarterstaff of chaos (4)]
  1677 | D:2      | Mangled by Crazy Yiuf

Skill      XL: |  1  2 |
---------------+-------+-----
Dodging        | 3 |  3.1
Maces & Flails | 3 |  3.1
Fighting       | |  3.8
Shields        | |  2.7

Action                   || total
-------------------------++-------
Melee: Flail             ||    82
  Use: Potion            ||     3
 Stab: Sleeping          ||     1
  Eat: Chunk             ||     4
Armor: Skin              ||    45
Dodge: Dodged            ||    28
Block: Medium shield     ||    45
